ITL
TUSCALOOSA TROUT SLAYERS @ RICHMOND FLAIRS
09/07/2026
 
TOP OF THE 1ST
Tuscaloosa Trout Slayers batting - Pitching for Richmond Flairs : RHP Sandro Gonzáles
Pitching: RHP Sandro Gonzáles
Batting: RHB Pat Fullerton 0-0: Bunted foul
0-1: Ball
1-1: Fly out, F8 (Line Drive, 8RM)
Batting: LHB Ed Murray 0-0: Ball
1-0: Ball
2-0: SINGLE (Line Drive, 89S)
Batting: LHB Marcos Villarreal 0-0: Ball
1-0: Called Strike
1-1: Ball
2-1: Ball
3-1: Base on Balls
Ed Murray to second
Batting: RHB Ben Morton 0-0: Foul Ball, location: 2F
0-1: Ball
1-1: Swinging Strike
1-2: Foul Ball, location: 2F
1-2: Strikes out swinging
Batting: LHB Miguel Rosa 0-0: Ball
1-0: Foul Ball, location: 2F
1-1: SINGLE (Groundball, 34D) (infield hit)
Ed Murray to third
Marcos Villarreal to second
Batting: RHB Tetsunori Ito 0-0: Ball
1-0: Called Strike
1-1: Called Strike
1-2: Fielders Choice at 2nd, U4 (Groundball, 4M)
Top of the 1st over - 0 run(s), 2 hit(s), 0 error(s), 3 left on base; Tuscaloosa 0 - Richmond 0
BOTTOM OF THE 1ST
Richmond Flairs batting - Pitching for Tuscaloosa Trout Slayers : RHP Jesús Zapata
Pitching: RHP Jesús Zapata
Batting: RHB Javier Rentería 0-0: Fly out, F7 (Line Drive, 7M)
Batting: RHB António Gonzáles 0-0: Foul Ball, location: 2F
0-1: Ball
1-1: Called Strike
1-2: Foul Ball, location: 2F
1-2: Foul Ball, location: 2F
1-2: Strikes out swinging
Batting: RHB Alberto Hernández 0-0: Called Strike
0-1: Called Strike
0-2: Ball
1-2: Foul Ball, location: 2F
1-2: Ball
2-2: Ball
3-2: Base on Balls
Batting: LHB Roland Jones 0-0: Ball
1-0: 2-RUN HOME RUN (Flyball, 9D), Distance : 377 ft
Batting: LHB Luis Villa 0-0: Foul Ball, location: 2F
0-1: Fly out, F9 (Flyball, 9D)
Bottom of the 1st over - 2 run(s), 1 hit(s), 0 error(s), 0 left on base; Tuscaloosa 0 - Richmond 2
TOP OF THE 2ND
Tuscaloosa Trout Slayers batting - Pitching for Richmond Flairs : RHP Sandro Gonzáles
Batting: RHB Alberto Pérez 0-0: Called Strike
0-1: Ground out 5-3 (Groundball, 5S)
Batting: RHB Dave Hall 0-0: Ball
1-0: Fly out, F9 (Flyball, 89M)
Batting: RHB José Ortega 0-0: Ground out 6-3 (Groundball, 6)
Top of the 2nd over - 0 run(s), 0 hit(s), 0 error(s), 0 left on base; Tuscaloosa 0 - Richmond 2
BOTTOM OF THE 2ND
Richmond Flairs batting - Pitching for Tuscaloosa Trout Slayers : RHP Jesús Zapata
Batting: RHB Jared Thompson 0-0: Called Strike
0-1: Fly out, F2 (Popup, 2RF)
Batting: RHB R.J. Crosby 0-0: Swinging Strike
0-1: Fly out, F9 (Flyball, 9D)
Batting: RHB Freddy Padilla 0-0: Called Strike
0-1: Ball
1-1: Ball
2-1: Ground out 6-3 (Groundball, 6M)
Bottom of the 2nd over - 0 run(s), 0 hit(s), 0 error(s), 0 left on base; Tuscaloosa 0 - Richmond 2
TOP OF THE 3RD
Tuscaloosa Trout Slayers batting - Pitching for Richmond Flairs : RHP Sandro Gonzáles
Batting: RHB Pat Fullerton 0-0: Ball
1-0: SINGLE (Groundball, 6D)
Batting: LHB Ed Murray 0-0: Ground out 3-1 (Groundball, 34)
Pat Fullerton to second
Batting: LHB Marcos Villarreal Single, Error in OF, E9, batter to second base
Pat Fullerton scores
Batting: RHB Ben Morton 0-0: Swinging Strike
0-1: Ball
1-1: Ball
2-1: SINGLE (Popup, 89S)
Marcos Villarreal to third
Runner from 3rd tries for Home, SAFE, throw made home
Ben Morton to second
Batting: LHB Miguel Rosa 0-0: Ball
1-0: DOUBLE (Line Drive, 5D)
Ben Morton scores
Batting: RHB Tetsunori Ito 0-0: Ball
1-0: Fly out, F9 (Flyball, 9LS)
Batting: RHB Alberto Pérez 0-0: Ball
1-0: Ground out 6-3 (Groundball, 6)
Top of the 3rd over - 3 run(s), 4 hit(s), 1 error(s), 1 left on base; Tuscaloosa 3 - Richmond 2
BOTTOM OF THE 3RD
Richmond Flairs batting - Pitching for Tuscaloosa Trout Slayers : RHP Jesús Zapata
Batting: SHB Carlos Reyes 0-0: Fly out, F8 (Line Drive, 8RM)
Batting: RHB Javier Rentería 0-0: Ball
1-0: Foul Ball, location: 2F
1-1: Foul Ball, location: 2F
1-2: Ball
2-2: SINGLE (Line Drive, 89M)
Batting: RHB António Gonzáles 0-0: Ball
1-0: Fly out, F8 (Flyball, 89M)
Batting: RHB Alberto Hernández 0-0: Ball
1-0: Swinging Strike
1-1: Ball
2-1: Fly out, F6 (Popup, 6)
Bottom of the 3rd over - 0 run(s), 1 hit(s), 0 error(s), 1 left on base; Tuscaloosa 3 - Richmond 2
TOP OF THE 4TH
Tuscaloosa Trout Slayers batting - Pitching for Richmond Flairs : RHP Sandro Gonzáles
Batting: RHB Dave Hall 0-0: Fly out, F8 (Flyball, 8RD)
Batting: RHB José Ortega 0-0: Called Strike
0-1: Ground out 6-3 (Groundball, 6M)
Batting: RHB Pat Fullerton 0-0: Fly out, F7 (Line Drive, 7D)
Top of the 4th over - 0 run(s), 0 hit(s), 0 error(s), 0 left on base; Tuscaloosa 3 - Richmond 2
BOTTOM OF THE 4TH
Richmond Flairs batting - Pitching for Tuscaloosa Trout Slayers : RHP Jesús Zapata
Batting: LHB Roland Jones 0-0: Ball
1-0: Fly out, F6 (Popup, 6D)
Batting: LHB Luis Villa 0-0: Swinging Strike
0-1: Ground out 6-3 (Groundball, 6M)
Batting: RHB Jared Thompson 0-0: Called Strike
0-1: Ball
1-1: DOUBLE (Flyball, 8RXD)
Batting: RHB R.J. Crosby 0-0: Ball
1-0: Called Strike
1-1: Hit by Pitch
Batting: RHB Freddy Padilla 0-0: Ball
1-0: TRIPLE (Flyball, 78M)
Jared Thompson scores
R.J. Crosby scores
Batting: SHB Carlos Reyes 0-0: Ball
1-0: Ball
Wild Pitch!
Freddy Padilla scores
2-0: Ball
3-0: Base on Balls
Batting: RHB Javier Rentería 0-0: Ball
1-0: Foul Ball, location: 2F
1-1: Ball
2-1: Reached on error, E6 (Groundball, 6)
Carlos Reyes to second
Batting: RHB António Gonzáles 0-0: Ball
1-0: SINGLE (Line Drive, 56)
Carlos Reyes to third
Javier Rentería to second
Runner from 3rd tries for Home, SAFE, no throw or cutoff
Batting: RHB Alberto Hernández 0-0: Ball
1-0: Called Strike
1-1: Ground out 1-3 (Groundball, 25)
Bottom of the 4th over - 4 run(s), 3 hit(s), 1 error(s), 2 left on base; Tuscaloosa 3 - Richmond 6
TOP OF THE 5TH
Tuscaloosa Trout Slayers batting - Pitching for Richmond Flairs : RHP Sandro Gonzáles
Batting: LHB Ed Murray 0-0: Ball
1-0: SINGLE (Line Drive, 56D)
Batting: LHB Marcos Villarreal 0-0: Called Strike
0-1: Foul Ball, location: 2F
0-2: Foul Ball, location: 2F
0-2: Fly out, F8 (Flyball, 89M)
Batting: RHB Ben Morton 0-0: Ball
1-0: Foul Ball, location: 2F
1-1: Grounds into double play, 5-4-3 (Groundball, 5)
Top of the 5th over - 0 run(s), 1 hit(s), 0 error(s), 0 left on base; Tuscaloosa 3 - Richmond 6
BOTTOM OF THE 5TH
Richmond Flairs batting - Pitching for Tuscaloosa Trout Slayers : RHP Jesús Zapata
Batting: LHB Roland Jones 0-0: Ball
1-0: Foul Ball, location: 2F
1-1: Ball
2-1: Ball
3-1: Base on Balls
Batting: LHB Luis Villa 0-0: Ball
1-0: Ball
2-0: Called Strike
2-1: DOUBLE (Flyball, 7LS)
Roland Jones to third
Runner from 3rd tries for Home, SAFE, no throw or cutoff
Batting: RHB Jared Thompson 0-0: Ground out 6-3 (Groundball, 6M)
Luis Villa to third
Batting: RHB R.J. Crosby 0-0: Ball
1-0: Swinging Strike
1-1: Ball
2-1: Ball
3-1: Swinging Strike
3-2: Fly out, F4 (Line Drive, 4)
3-2: Lined into DP, 4-5 (Line Drive, 4)
Bottom of the 5th over - 1 run(s), 1 hit(s), 0 error(s), 0 left on base; Tuscaloosa 3 - Richmond 7
TOP OF THE 6TH
Tuscaloosa Trout Slayers batting - Pitching for Richmond Flairs : RHP Sandro Gonzáles
Batting: LHB Miguel Rosa 0-0: Ball
1-0: Ball
2-0: Swinging Strike
2-1: Ball
3-1: Fly out, F4 (Popup, 4D)
Batting: RHB Tetsunori Ito 0-0: SINGLE (Popup, 8RS)
Batting: RHB Alberto Pérez 0-0: Foul Ball, location: 2F
0-1: Ball
1-1: 2-RUN HOME RUN (Line Drive, 7LD), Distance : 338 ft
Batting: RHB Dave Hall 0-0: Ball
1-0: Called Strike
1-1: Foul Ball, location: 2F
1-2: Ball
2-2: Ball
3-2: Ground out 5-3 (Groundball, 56)
Batting: RHB José Ortega 0-0: Ball
1-0: DOUBLE (Line Drive, 8RXD)
Batting: RHB Pat Fullerton 0-0: Ball
Balk!
José Ortega to third
1-0: Foul Ball, location: 2F
1-1: Ground out 5-3 (Groundball, 5S)
Top of the 6th over - 2 run(s), 3 hit(s), 0 error(s), 1 left on base; Tuscaloosa 5 - Richmond 7
BOTTOM OF THE 6TH
Richmond Flairs batting - Pitching for Tuscaloosa Trout Slayers : RHP Jesús Zapata
Batting: RHB Freddy Padilla 0-0: Called Strike
0-1: Foul Ball, location: 2F
0-2: Strikes out swinging
Batting: SHB Carlos Reyes 0-0: Fly out, F4 (Popup, 4)
Batting: RHB Javier Rentería 0-0: Ball
1-0: Fly out, F7 (Flyball, 7M)
Bottom of the 6th over - 0 run(s), 0 hit(s), 0 error(s), 0 left on base; Tuscaloosa 5 - Richmond 7
TOP OF THE 7TH
Tuscaloosa Trout Slayers batting - Pitching for Richmond Flairs : RHP Sandro Gonzáles
Batting: LHB Ed Murray 0-0: SINGLE (Line Drive, 8RS)
Batting: LHB Marcos Villarreal 0-0: Fly out, F8 (Flyball, 8LD)
Batting: RHB Ben Morton 0-0: SINGLE (Line Drive, 6D)
Ed Murray to second
Batting: LHB Miguel Rosa 0-0: Ball
1-0: Foul Ball, location: 2F
1-1: Foul Ball, location: 2F
1-2: SINGLE (Groundball, 6MD)
Ed Murray to third
Ben Morton to second
Runner from 3rd tries for Home, SAFE, throw made home
Ben Morton to third
Miguel Rosa to second
Pinch Hitting: RHB José Fernández 0-0: Ball
1-0: Ball
2-0: Foul Ball, location: 2F
2-1: DOUBLE (Line Drive, 7LS)
Ben Morton scores
Miguel Rosa scores
Batting: RHB Alberto Pérez 0-0: Intentional Walk
Pitching: LHP Takaaki Omori
Pinch Hitting: RHB César Reyes 0-0: Ball
1-0: Ball
2-0: Ball
3-0: Called Strike
3-1: Foul Ball, location: 2F
3-2: Foul Ball, location: 2F
3-2: DOUBLE (Line Drive, 78XD)
José Fernández scores
Alberto Pérez to third
Pinch Hitting: RHB Ryan McBride 0-0: Called Strike
0-1: Called Strike
0-2: Foul Ball, location: 2F
0-2: Ball
1-2: Foul Ball, location: 2F
1-2: Ball
2-2: Foul Ball, location: 2F
2-2: Fly out, F8 (Flyball, 8LD)
Runner from 3rd tags up, SCORES, no throw
César Reyes to third
Batting: RHB Pat Fullerton 0-0: Called Strike
0-1: Foul Ball, location: 2F
0-2: Ball
1-2: SINGLE (Groundball, 56D)
César Reyes scores
Batting: LHB Ed Murray 0-0: Called Strike
Single, Error in OF, E9, batter to second base
Pat Fullerton to third
Batting: LHB Marcos Villarreal 0-0: Ball
1-0: Ball
2-0: Ball
3-0: Base on Balls
Batting: RHB Ben Morton 0-0: Fly out, F9 (Flyball, 9M)
Top of the 7th over - 6 run(s), 7 hit(s), 1 error(s), 3 left on base; Tuscaloosa 11 - Richmond 7
BOTTOM OF THE 7TH
Richmond Flairs batting - Pitching for Tuscaloosa Trout Slayers : RHP Jesús Zapata
Pitching: RHP Juan Patino
Now at 2B: Mark Owens
Now at 3B: César Reyes
Now at SS: Wilford Lush
Batting: RHB António Gonzáles 0-0: Called Strike
0-1: Fly out, F4 (Popup, 4D)
Batting: RHB Alberto Hernández 0-0: Called Strike
0-1: Ball
1-1: Swinging Strike
1-2: DOUBLE (Flyball, 7D)
Batting: LHB Roland Jones 0-0: Called Strike
0-1: Fly out, F6 (Popup, 6)
Batting: LHB Luis Villa 0-0: Ball
1-0: Fly out, F8 (Flyball, 8LD)
Bottom of the 7th over - 0 run(s), 1 hit(s), 0 error(s), 1 left on base; Tuscaloosa 11 - Richmond 7
TOP OF THE 8TH
Tuscaloosa Trout Slayers batting - Pitching for Richmond Flairs : LHP Takaaki Omori
Batting: LHB Miguel Rosa 0-0: Ball
1-0: Called Strike
1-1: Ball
2-1: Ball
3-1: Fly out, F6 (Line Drive, 6)
Batting: LHB Wilford Lush 0-0: Foul Ball, location: 2F
0-1: Called Strike
0-2: Ball
1-2: Ball
2-2: Ball
3-2: Base on Balls
Batting: RHB Alberto Pérez 0-0: 2-RUN HOME RUN (Flyball, 7D), Distance : 364 ft
Pitching: RHP Octávio Morín
Batting: RHB César Reyes 0-0: Ball
1-0: Ball
2-0: Ball
3-0: Base on Balls
Batting: LHB Mark Owens 0-0: Fly out, F9 (Line Drive, 9M)
Batting: RHB Pat Fullerton 0-0: TRIPLE (Line Drive, 78M)
César Reyes scores
Batting: LHB Ed Murray 0-0: Foul Ball, location: 2F
0-1: Ground out 4-3 (Groundball, 4)
Top of the 8th over - 3 run(s), 2 hit(s), 0 error(s), 1 left on base; Tuscaloosa 14 - Richmond 7
BOTTOM OF THE 8TH
Richmond Flairs batting - Pitching for Tuscaloosa Trout Slayers : RHP Juan Patino
Now in CF: Lowie van den Bogaert
Batting: RHB Jared Thompson 0-0: Ground out 6-3 (Groundball, 6)
Batting: RHB R.J. Crosby 0-0: Ball
1-0: Foul Ball, location: 2F
1-1: Ground out 4-3 (Groundball, 4)
Batting: RHB Freddy Padilla 0-0: Called Strike
0-1: Ball
1-1: Ball
2-1: Fly out, F9 (Flyball, 9M)
Bottom of the 8th over - 0 run(s), 0 hit(s), 0 error(s), 0 left on base; Tuscaloosa 14 - Richmond 7
TOP OF THE 9TH
Tuscaloosa Trout Slayers batting - Pitching for Richmond Flairs : RHP Octávio Morín
Batting: LHB Marcos Villarreal 0-0: Foul Ball, location: 2F
0-1: Ball
1-1: Ground out 1-3 (Groundball, 13)
Batting: RHB Ben Morton 0-0: Ball
1-0: Ground out 5-3 (Groundball, 56S)
Batting: LHB Miguel Rosa 0-0: Called Strike
0-1: Foul Ball, location: 2F
0-2: Ball
1-2: Ball
2-2: SOLO HOME RUN (Flyball, 9D), Distance : 369 ft
Batting: LHB Wilford Lush 0-0: Called Strike
0-1: Called Strike
0-2: Foul Ball, location: 2F
0-2: Ball
1-2: Strikes out swinging
Top of the 9th over - 1 run(s), 1 hit(s), 0 error(s), 0 left on base; Tuscaloosa 15 - Richmond 7
BOTTOM OF THE 9TH
Richmond Flairs batting - Pitching for Tuscaloosa Trout Slayers : RHP Juan Patino
Batting: SHB Carlos Reyes 0-0: Foul Ball, location: 2F
0-1: Ball
1-1: Fly out, F7 (Flyball, 7S)
Batting: RHB Javier Rentería 0-0: Ball
1-0: Ground out 5-3 (Groundball, 5S)
Batting: RHB António Gonzáles 0-0: Foul Ball, location: 2F
0-1: Ball
1-1: Fly out, F2 (Popup, 23F)
Bottom of the 9th over - 0 run(s), 0 hit(s), 0 error(s), 0 left on base; Tuscaloosa 15 - Richmond 7
Monday, December 5th, 2016 - OOTP Baseball 17.12 Build 75